| TOP OF THE 1ST |
|
Fresno Grizzlies batting - Pitching for Charlotte Knights : RHP Emilio Gonzalez
|
|
Pitching: RHP Emilio Gonzalez
|
|
|
Batting: RHB Bruce Bermudez
|
0-0: Called Strike 0-1: Called Strike 0-2: Strikes out swinging, 2-3 out at first.
|
|
Batting: LHB Chris Cabrera
|
0-0: Called Strike 0-1: Foul Ball, location: 2F 0-2: Ball 1-2: Strikes out looking
|
|
Batting: RHB Elijah Hunter
|
0-0: Called Strike 0-1: Ball 1-1: Ball 2-1: Ball 3-1: Base on Balls
|
|
Batting: LHB Angelo Vasquez
|
0-0: Foul Ball, location: 2F 0-1: Foul Ball, location: 2F 0-2: Ground out 4-3 (Groundball, 34, EV 104.4 MPH)
|
| Top of the 1st over - 0 runs, 0 hits, 0 errors, 1 left on base; Fresno 0 - Charlotte 0 |
| BOTTOM OF THE 1ST |
|
Charlotte Knights batting - Pitching for Fresno Grizzlies : LHP Curt Joseph
|
|
Pitching: LHP Curt Joseph
|
|
|
Batting: RHB Ron Johansen
|
0-0: Ball 1-0: Ball 2-0: Swinging Strike 2-1: Ball 3-1: Foul Ball, location: 2F 3-2: SINGLE (Groundball, 34D, EV 96.9 MPH)
|
|
Batting: RHB Vic Lucatero
|
0-0: Ball 1-0: Ball 2-0: Ball 3-0: Called Strike 3-1: Called Strike 3-2: SINGLE (Line Drive, 9S, EV 93.1 MPH) Ron Johansen to second Runner from 2nd tries for 3rd, SAFE, throw by RF made to third
|
|
Batting: SHB Alfie Bungledorf
|
0-0: Ball Vic Lucatero is caught stealing 2nd base 2-4 1-0: Called Strike 1-1: Swinging Strike 1-2: Strikes out swinging
|
|
Batting: RHB Fletcher Easter
|
0-0: Ball 1-0: Ball 2-0: Ball 3-0: Called Strike 3-1: Called Strike 3-2: Fly out, F9 (Flyball, 9, EV 86.9 MPH)
|
| Bottom of the 1st over - 0 runs, 2 hits, 0 errors, 1 left on base; Fresno 0 - Charlotte 0 |
| TOP OF THE 2ND |
|
Fresno Grizzlies batting - Pitching for Charlotte Knights : RHP Emilio Gonzalez
|
|
Batting: RHB Mark Marks
|
0-0: Ball 1-0: Ball 2-0: Ball 3-0: Called Strike 3-1: Foul Ball, location: 2F 3-2: SINGLE (Line Drive, 4MD, EV 96.9 MPH)
|
|
Batting: SHB Paskar Adegoke
|
0-0: Ball 1-0: Fly out, F7 (Flyball, 7D, EV 87.5 MPH)
|
|
Batting: RHB Bill Cabrera
|
0-0: Foul Ball, location: 2F 0-1: Ball Mark Marks steals 2nd base 1-1: Swinging Strike 1-2: Foul Ball, location: 2F 1-2: Ball 2-2: Ball 3-2: Foul Ball, location: 2F 3-2: Base on Balls
|
|
Batting: LHB Fernando Gomez
|
0-0: Ball 1-0: Foul Ball, location: 2F 1-1: Fly out, F8 (Flyball, 8LD, EV 90.6 MPH)
|
|
Batting: RHB Workneh Lagat
|
0-0: Called Strike 0-1: Called Strike 0-2: Ball 1-2: Strikes out looking
|
| Top of the 2nd over - 0 runs, 1 hit, 0 errors, 2 left on base; Fresno 0 - Charlotte 0 |
| BOTTOM OF THE 2ND |
|
Charlotte Knights batting - Pitching for Fresno Grizzlies : LHP Curt Joseph
|
|
Batting: LHB Carlos Ramirez
|
0-0: Swinging Strike 0-1: Foul Ball, location: 2F 0-2: Fly out, F9 (Line Drive, 9, EV 95.6 MPH)
|
|
Batting: RHB Jeremy Hoffert
|
0-0: Ball 1-0: Ball 2-0: Ball 3-0: Called Strike 3-1: Swinging Strike 3-2: Ground out 6-3 (Groundball, 6, EV 113.1 MPH)
|
|
Batting: RHB Kikuo Sato
|
0-0: Ground out 4-3 (Groundball, 4, EV 96.9 MPH)
|
| Bottom of the 2nd over - 0 runs, 0 hits, 0 errors, 0 left on base; Fresno 0 - Charlotte 0 |
| TOP OF THE 3RD |
|
Fresno Grizzlies batting - Pitching for Charlotte Knights : RHP Emilio Gonzalez
|
|
Batting: RHB Bruce Bermudez
|
0-0: Ball 1-0: Ball 2-0: Ground out 6-3 (Groundball, 6, EV 111.2 MPH)
|
|
Batting: LHB Chris Cabrera
|
0-0: SINGLE (Groundball, 34D, EV 108.8 MPH)
|
|
Batting: RHB Elijah Hunter
|
0-0: Ball 1-0: Called Strike 1-1: Swinging Strike 1-2: Ball 2-2: Grounds into double play, 6-4-3 (Groundball, 6, EV 76.2 MPH)
|
| Top of the 3rd over - 0 runs, 1 hit, 0 errors, 0 left on base; Fresno 0 - Charlotte 0 |
| BOTTOM OF THE 3RD |
|
Charlotte Knights batting - Pitching for Fresno Grizzlies : LHP Curt Joseph
|
|
Batting: LHB Jason Bell
|
0-0: Foul Ball, location: 2F 0-1: Foul Ball, location: 2F 0-2: Ball 1-2: SINGLE (Flyball, 56D, EV 82.5 MPH)
|
|
Batting: SHB Matt Childers
|
0-0: Ball 1-0: Swinging Strike 1-1: Swinging Strike 1-2: Strikes out looking
|
|
Batting: RHB Ron Johansen
|
0-0: Ball 1-0: Ball 2-0: TRIPLE (Flyball, 89D, EV 105.0 MPH) Jason Bell scores
|
|
Batting: RHB Vic Lucatero
|
0-0: Ball 1-0: Called Strike 1-1: Ball 2-1: SINGLE (Groundball, 6M, EV 99.4 MPH) Ron Johansen scores
|
|
Batting: SHB Alfie Bungledorf
|
0-0: Called Strike 0-1: Ball 1-1: Swinging Strike 1-2: Foul Ball, location: 2F 1-2: Fly out, F8 (Flyball, 8LM, EV 93.8 MPH)
|
|
Batting: RHB Fletcher Easter
|
0-0: Foul Ball, location: 2F 0-1: Called Strike 0-2: DOUBLE (Line Drive, 89D, EV 103.1 MPH) Vic Lucatero to third Runner from 3rd tries for Home, SAFE, throw by RF to trailing runner, SAFE at third!
|
|
Batting: LHB Carlos Ramirez
|
0-0: SINGLE (Groundball, 3D, EV 106.2 MPH) Fletcher Easter scores
|
|
Batting: RHB Jeremy Hoffert
|
0-0: Fly out, F7 (Flyball, 7, EV 90.6 MPH)
|
| Bottom of the 3rd over - 4 runs, 5 hits, 0 errors, 1 left on base; Fresno 0 - Charlotte 4 |
| TOP OF THE 4TH |
|
Fresno Grizzlies batting - Pitching for Charlotte Knights : RHP Emilio Gonzalez
|
|
Batting: LHB Angelo Vasquez
|
0-0: SINGLE (Flyball, 9LS, EV 90.0 MPH)
|
|
Batting: RHB Mark Marks
|
0-0: Ball 1-0: Ball 2-0: Ball 3-0: Foul Ball, location: 2F 3-1: Base on Balls Angelo Vasquez to second
|
|
Batting: SHB Paskar Adegoke
|
0-0: Ball 1-0: Swinging Strike 1-1: Foul Ball, location: 2F 1-2: Ball 2-2: Foul Ball, location: 2F 2-2: Foul Ball, location: 2F 2-2: Ball 3-2: Base on Balls Angelo Vasquez to third Mark Marks to second
|
|
Batting: RHB Bill Cabrera
|
0-0: Called Strike 0-1: Ball 1-1: Ball 2-1: Foul Ball, location: 2F 2-2: Grounds into fielders choice 6-2 (Groundball, 6, EV 83.8 MPH) Mark Marks to third Paskar Adegoke to second
|
|
Batting: LHB Fernando Gomez
|
0-0: Ball 1-0: Ball 2-0: Called Strike 2-1: Foul Ball, location: 2F 2-2: Strikes out swinging
|
|
Batting: RHB Workneh Lagat
|
0-0: Called Strike 0-1: Ball 1-1: Ball 2-1: Swinging Strike 2-2: Strikes out swinging
|
| Top of the 4th over - 0 runs, 1 hit, 0 errors, 3 left on base; Fresno 0 - Charlotte 4 |
| BOTTOM OF THE 4TH |
|
Charlotte Knights batting - Pitching for Fresno Grizzlies : LHP Curt Joseph
|
|
Batting: RHB Kikuo Sato
|
0-0: Ball 1-0: Ground out 1-3 (Groundball, 13S, EV 69.4 MPH)
|
|
Batting: LHB Jason Bell
|
0-0: Ball 1-0: Swinging Strike 1-1: Ball 2-1: Ball 3-1: Swinging Strike 3-2: Strikes out swinging
|
|
Batting: SHB Matt Childers
|
0-0: Ball 1-0: Foul Ball, location: 2F 1-1: Foul Ball, location: 2F 1-2: Ball 2-2: Foul Ball, location: 2F 2-2: Strikes out swinging
|
| Bottom of the 4th over - 0 runs, 0 hits, 0 errors, 0 left on base; Fresno 0 - Charlotte 4 |
| TOP OF THE 5TH |
|
Fresno Grizzlies batting - Pitching for Charlotte Knights : RHP Emilio Gonzalez
|
|
Batting: RHB Bruce Bermudez
|
0-0: Called Strike 0-1: Foul Ball, location: 2F 0-2: Ball 1-2: Strikes out looking
|
|
Batting: LHB Chris Cabrera
|
0-0: Ball 1-0: Ball 2-0: Ball 3-0: Called Strike 3-1: Foul Ball, location: 2F 3-2: Base on Balls
|
|
Batting: RHB Elijah Hunter
|
Pickoff Play to 1st, Runner tries for 2nd, OUT after rundown. 0-0: Ball 1-0: Called Strike 1-1: Ball 2-1: Fly out, F7 (Line Drive, 7S, EV 89.4 MPH)
|
| Top of the 5th over - 0 runs, 0 hits, 0 errors, 0 left on base; Fresno 0 - Charlotte 4 |
| BOTTOM OF THE 5TH |
|
Charlotte Knights batting - Pitching for Fresno Grizzlies : LHP Curt Joseph
|
|
Batting: RHB Ron Johansen
|
0-0: Ball 1-0: Foul Ball, location: 2F 1-1: Fly out, F7 (Flyball, 78D, EV 101.9 MPH)
|
|
Batting: RHB Vic Lucatero
|
0-0: Foul Ball, location: 2F 0-1: Ball 1-1: SINGLE (Flyball, 89S, EV 90.0 MPH)
|
|
Batting: SHB Alfie Bungledorf
|
0-0: Ball 1-0: Ball 2-0: Foul Ball, location: 2F 2-1: Fly out, F9 (Flyball, 8RM, EV 86.2 MPH)
|
|
Batting: RHB Fletcher Easter
|
0-0: Called Strike 0-1: Foul Ball, location: 2F 0-2: Ball Vic Lucatero is caught stealing 2nd base 2-4
|
| Bottom of the 5th over - 0 runs, 1 hit, 0 errors, 0 left on base; Fresno 0 - Charlotte 4 |
| TOP OF THE 6TH |
|
Fresno Grizzlies batting - Pitching for Charlotte Knights : RHP Emilio Gonzalez
|
|
Pitching: RHP Jesus Griego
|
|
|
Batting: LHB Angelo Vasquez
|
0-0: Swinging Strike 0-1: Swinging Strike 0-2: Ball 1-2: Foul Ball, location: 2F 1-2: DOUBLE (Groundball, 3L, EV 105.0 MPH)
|
|
Batting: RHB Mark Marks
|
0-0: Ball 1-0: Called Strike 1-1: Fly out, F8 (Flyball, 78D, EV 97.5 MPH)
|
|
Batting: SHB Paskar Adegoke
|
0-0: Swinging Strike 0-1: Ball 1-1: Foul Ball, location: 2F 1-2: Ground out 5-3 (Groundball, 56S, EV 93.1 MPH)
|
|
Batting: RHB Bill Cabrera
|
0-0: Called Strike 0-1: Ground out 6-3 (Groundball, 6S, EV 92.5 MPH)
|
| Top of the 6th over - 0 runs, 1 hit, 0 errors, 1 left on base; Fresno 0 - Charlotte 4 |
| BOTTOM OF THE 6TH |
|
Charlotte Knights batting - Pitching for Fresno Grizzlies : LHP Curt Joseph
|
|
Batting: RHB Fletcher Easter
|
0-0: Foul Ball, location: 2F 0-1: Ball 1-1: Ball 2-1: Foul Ball, location: 2F 2-2: Strikes out swinging
|
|
Batting: LHB Carlos Ramirez
|
0-0: Ground out U3 (Groundball, 34S, EV 86.2 MPH)
|
|
Batting: RHB Jeremy Hoffert
|
0-0: Ball 1-0: Swinging Strike 1-1: Ball 2-1: Ball 3-1: Ground out 5-3 (Groundball, 56S, EV 65.6 MPH)
|
| Bottom of the 6th over - 0 runs, 0 hits, 0 errors, 0 left on base; Fresno 0 - Charlotte 4 |
| TOP OF THE 7TH |
|
Fresno Grizzlies batting - Pitching for Charlotte Knights : RHP Jesus Griego
|
|
Now at 2B: Steve Waltenbery
|
|
|
Batting: LHB Fernando Gomez
|
0-0: Foul Ball, location: 2F 0-1: Foul Ball, location: 2F 0-2: Ball 1-2: Fly out, F7 (Flyball, 7, EV 90.0 MPH)
|
|
Batting: RHB Workneh Lagat
|
0-0: Ball 1-0: Fly out, F8 (Line Drive, 8LD, EV 86.9 MPH)
|
|
Batting: RHB Bruce Bermudez
|
0-0: Called Strike 0-1: Ball 1-1: Foul Ball, location: 2F 1-2: Ground out 6-3 (Groundball, 6, EV 100.6 MPH)
|
| Top of the 7th over - 0 runs, 0 hits, 0 errors, 0 left on base; Fresno 0 - Charlotte 4 |
| BOTTOM OF THE 7TH |
|
Charlotte Knights batting - Pitching for Fresno Grizzlies : LHP Curt Joseph
|
|
Pitching: RHP Alex Salinas
|
|
|
Batting: RHB Kikuo Sato
|
0-0: Called Strike 0-1: Fly out, F3 (Popup, 3SF, EV 83.8 MPH)
|
|
Batting: LHB Jason Bell
|
0-0: Ball 1-0: Ball 2-0: Fly out, F8 (Flyball, 8LS, EV 83.8 MPH)
|
|
Batting: SHB Matt Childers
|
0-0: Called Strike 0-1: Reached on error, E5 (Groundball, 56, EV 101.2 MPH)
|
|
Batting: RHB Ron Johansen
|
0-0: Fly out, F8 (Flyball, 8LM, EV 96.2 MPH)
|
| Bottom of the 7th over - 0 runs, 0 hits, 1 error, 1 left on base; Fresno 0 - Charlotte 4 |
| TOP OF THE 8TH |
|
Fresno Grizzlies batting - Pitching for Charlotte Knights : RHP Jesus Griego
|
|
Pitching: RHP Tommy Benedict
|
|
|
Batting: LHB Chris Cabrera
|
0-0: Called Strike 0-1: Foul Ball, location: 2F 0-2: Ball 1-2: Ground out U3 (Groundball, 34S, EV 89.4 MPH)
|
|
Batting: RHB Elijah Hunter
|
0-0: Foul Ball, location: 2F 0-1: Foul Ball, location: 2F 0-2: Ball 1-2: Ball 2-2: Strikes out swinging
|
|
Batting: LHB Angelo Vasquez
|
0-0: Swinging Strike 0-1: Ball 1-1: Ball 2-1: Foul Ball, location: 2F 2-2: Ball 3-2: Base on Balls
|
|
Batting: RHB Mark Marks
|
0-0: Ground out 6-3 (Groundball, 6M, EV 106.2 MPH)
|
| Top of the 8th over - 0 runs, 0 hits, 0 errors, 1 left on base; Fresno 0 - Charlotte 4 |
| BOTTOM OF THE 8TH |
|
Charlotte Knights batting - Pitching for Fresno Grizzlies : RHP Alex Salinas
|
|
Batting: RHB Vic Lucatero
|
0-0: Ball 1-0: Ball 2-0: Ball 3-0: Base on Balls
|
|
Batting: SHB Alfie Bungledorf
|
0-0: Ball 1-0: Ball Vic Lucatero steals 2nd base 2-0: Ball 3-0: Base on Balls
|
|
Batting: RHB Steve Waltenbery
|
0-0: Ball 1-0: Fielders Choice at 2nd, 4-6 (Groundball, 4, EV 80.0 MPH) Vic Lucatero to third
|
|
Batting: LHB Carlos Ramirez
|
0-0: Fielders Choice at 2nd, U6 (Groundball, 4M, EV 109.4 MPH) Vic Lucatero scores
|
|
Batting: RHB Jeremy Hoffert
|
0-0: Ball 1-0: Called Strike 1-1: Called Strike 1-2: Foul Ball, location: 2F 1-2: Ball 2-2: Ball 3-2: Foul Ball, location: 2F 3-2: Base on Balls Carlos Ramirez to second
|
|
Batting: RHB Kikuo Sato
|
0-0: Ball 1-0: Called Strike 1-1: Foul Ball, location: 2F 1-2: Strikes out swinging
|
| Bottom of the 8th over - 1 run, 0 hits, 0 errors, 2 left on base; Fresno 0 - Charlotte 5 |
| TOP OF THE 9TH |
|
Fresno Grizzlies batting - Pitching for Charlotte Knights : RHP Tommy Benedict
|
|
Batting: SHB Paskar Adegoke
|
0-0: Ball 1-0: Ground out 6-3 (Groundball, 4S, EV 80.0 MPH)
|
|
Batting: RHB Bill Cabrera
|
0-0: Called Strike 0-1: DOUBLE (Line Drive, 7LS, EV 107.5 MPH)
|
|
Batting: LHB Fernando Gomez
|
0-0: Ball 1-0: Foul Ball, location: 2F 1-1: Called Strike 1-2: Strikes out looking
|
|
Batting: RHB Workneh Lagat
|
0-0: Ball 1-0: Foul Ball, location: 2F 1-1: Foul Ball, location: 2F 1-2: Ball 2-2: Ball 3-2: Foul Ball, location: 2F 3-2: Strikes out looking
|
| Top of the 9th over - 0 runs, 1 hit, 0 errors, 1 left on base; Fresno 0 - Charlotte 5 |
|